2968 views
Uploaded 2020-09-25 11:39:30
Game version 1.32.8
8:24 long 1on1 custom game on (2)NorthernIsles
Game name "stylo spaghetti"
Saved by BaDitO2
2968 views
Uploaded 2020-09-25 11:39:30
Game version 1.32.8
8:24 long 1on1 custom game on (2)NorthernIsles
Game name "stylo spaghetti"

20 units @ 2.7k
/ 0.1k
12 buildings @ 1.9k
/ 0.5k

| Healing Salve | 2 | 200 |
| Lesser Clarity Potion | 3 | 210 |
| total: | 5 | 410g |
| Peon | 7 | 525 | / | 0 |
| Grunt | 6 | 1200 | / | 0 |
| Troll Headhunter | 7 | 980 | / | 140 |
| total: | 20 | 2705g | / | 140w |
| Watch Tower | 1 | 110 | / | 80 |
| Altar of Storms | 1 | 180 | / | 50 |
| Orc Burrow | 6 | 960 | / | 240 |
| Barracks | 1 | 180 | / | 50 |
| War Mill | 1 | 205 | / | 0 |
| Voodoo Lounge | 2 | 260 | / | 60 |
| Stronghold | 1 | 315 | / | 190 |
| total: | 12 | 1895g | / | 480w |
| 0:02 | Peon |
| 0:04 | Altar of Storms |
| 0:06 | Orc Burrow |
| 0:12 | Peon |
| 0:28 | Peon |
| 0:31 | Peon |
| 0:47 | Barracks |
| 0:52 | Peon |
| 1:05 | War Mill |
| 1:20 | Peon |
| 1:32 | Peon |
| 1:36 | Voodoo Lounge |
| 1:52 | Grunt |
| 1:52 | Grunt |
| 1:52 | Grunt |
| 2:09 | Orc Burrow |
| 2:13 | Shockwave |
| 2:23 | Troll Headhunter |
| 2:41 | Healing Salve |
| 2:41 | Lesser Clarity Potion |
| 3:01 | Troll Headhunter |
| 3:27 | Troll Headhunter |
| 3:28 | Stronghold |
| 3:39 | Troll Headhunter |
| 3:59 | Troll Headhunter |
| 4:07 | Endurance Aura |
| 4:29 | Troll Headhunter |
| 4:29 | Troll Headhunter |
| 4:34 | Orc Burrow |
| 5:15 | Orc Burrow |
| 5:15 | Orc Burrow |
| 5:38 | Lesser Clarity Potion |
| 5:54 | Voodoo Lounge |
| 6:14 | Orc Burrow |
| 6:45 | Shockwave |
| 7:12 | Grunt |
| 7:15 | Watch Tower |
| 7:19 | Lesser Clarity Potion |
| 7:19 | Healing Salve |
| 7:31 | Grunt |
| 7:49 | Grunt |
| Right click | 572 |
| Select | 265 |
| Select group | 148 |
| Chat | 110 |
| Misc. action | 73 |
| Build/train/purchase | 54 |
| Assign group | 24 |
| Use ability | 20 |
| Esc | 3 |
| Remove unit | 1 |
32 units @ 3.6k
/ 0k
11 buildings @ 1.1k
/ 0.3k

| Scroll of Regeneration | 2 | 200 |
| total: | 2 | 200g |
| Peasant | 12 | 900 | / | 0 |
| Footman | 20 | 2700 | / | 0 |
| total: | 32 | 3600g | / | 0w |
| Scout Tower | 2 | 60 | / | 40 |
| Altar of Kings | 1 | 180 | / | 50 |
| Farm | 5 | 400 | / | 100 |
| Barracks | 1 | 160 | / | 60 |
| Arcane Vault | 1 | 130 | / | 30 |
| Blacksmith | 1 | 140 | / | 60 |
| Keep | 1 | 320 | / | 210 |
| total: | 11 | 1070g | / | 340w |
| 0:02 | Peasant |
| 0:03 | Peasant |
| 0:06 | Altar of Kings |
| 0:20 | Farm |
| 0:24 | Barracks |
| 0:26 | Peasant |
| 0:35 | Peasant |
| 0:57 | Peasant |
| 1:04 | Farm |
| 1:13 | Peasant |
| 1:29 | Footman |
| 1:29 | Footman |
| 1:32 | Peasant |
| 1:37 | Farm |
| 1:41 | Arcane Vault |
| 1:58 | Footman |
| 2:04 | Summon Water Elemental |
| 2:29 | Footman |
| 2:30 | Peasant |
| 2:31 | Footman |
| 2:35 | Farm |
| 2:44 | Peasant |
| 2:51 | Brilliance Aura |
| 3:00 | Defend |
| 3:04 | Scroll of Regeneration |
| 3:06 | Footman |
| 3:13 | Scroll of Regeneration |
| 3:24 | Scout Tower |
| 4:13 | Footman |
| 4:23 | Summon Water Elemental |
| 4:35 | Scout Tower |
| 4:36 | Footman |
| 4:36 | Footman |
| 4:49 | Footman |
| 4:59 | Footman |
| 5:02 | Farm |
| 5:20 | Footman |
| 5:46 | Footman |
| 5:57 | Footman |
| 6:08 | Footman |
| 6:21 | Footman |
| 6:45 | Footman |
| 6:47 | Keep |
| 6:59 | Brilliance Aura |
| 7:27 | Blacksmith |
| 7:47 | Footman |
| 7:47 | Footman |
| 8:09 | Peasant |
| 8:09 | Peasant |
| 8:10 | Peasant |
| 8:12 | Footman |
| Right click | 512 |
| Select group | 238 |
| Select | 140 |
| Build/train/purchase | 79 |
| Assign group | 31 |
| Misc. action | 20 |
| Chat | 6 |
| Use ability | 2 |
| Esc | 2 |
| Remove unit | 1 |